Map: Pillars of Gold LE

Players

Denver - Winner!

  • Race: Zerg Zerg
  • League: Master
  • Spawn Location: 7:00

Arctur

  • Race: Terran Terran
  • Spawn Location: 1:00

Event: DreamHack SC2 Masters 2020 Summer Europe

VOD

Have the link to the VOD?

Description

Time

  • Played on: June 28, 2020, 11:02 a.m.
  • Length: 11:40

All games in this series

Show
View Real Time Build Order
Export as new Build Order

Denver Zerg - Winner!

Build Orders: Hatch First, Muta Ling Bane 

Get SALT Encoding   

  12  0:00  Drone  
  13  0:13  Overlord  
  13  0:18  Drone  
  14  0:32  Drone x2  
  16  0:50  Hatchery  
  16  0:54  Drone  
  16  0:57  Drone  
  16  1:01  Drone  
  18  1:12  Extractor  
  17  1:19  Spawning Pool  
  17  1:21  Drone  
  17  1:25  Drone  
  18  1:33  Drone  
  19  1:40  Drone  
  20  1:51  Drone  
  21  2:05  Queen  
  21  2:06  Zergling x4, Queen  
  27  2:13  Overlord  
  27  2:15  Metabolic Boost  
  27  2:18  Drone  
  28  2:35  Drone x4  
  32  2:41  Queen  
  34  2:45  Overlord  
  34  2:51  Drone  
  35  2:57  Drone  
  36  3:04  Queen  
  38  3:06  Drone x2  
  38  3:12  Overlord  
  40  3:21  Hatchery, Drone  
  40  3:24  Pneumatized Carapace  
  40  3:27  Drone  
  40  3:29  Drone  
  40  3:31  Drone  
  43  3:35  Drone  
  43  3:36  Drone  
  45  3:42  Overlord  
  45  3:45  Drone  
  45  3:48  Drone x2  
  48  3:53  Drone x4  
  52  3:56  Overlord  
  52  4:00  Overlord  
  52  4:06  Zergling x4, Baneling Nest  
  53  4:12  Queen  
  53  4:15  Zergling x4  
  57  4:17  Drone  
  57  4:18  Drone  
  57  4:22  Spore Crawler  
  57  4:23  Zergling x2  
  59  4:28  Zergling x4  
  61  4:32  Spore Crawler  
  61  4:33  Zergling x2  
  61  4:36  Drone  
  62  4:38  Queen  
  62  4:42  Lair  
  62  4:44  Drone x2  
  66  4:45  Drone  
  66  4:51  Drone  
  68  4:58  Drone  
  68  4:59  Drone x3  
  70  5:02  Extractor  
  70  5:03  Extractor  
  69  5:07  Drone x4  
  69  5:08  Drone  
  69  5:09  Drone  
  69  5:14  Drone  
  75  5:19  Drone x2  
  77  5:22  Evolution Chamber x2  
  77  5:26  Hatchery, Drone  
  77  5:27  Drone  
  76  5:30  Queen  
  76  5:32  Overlord  
  78  5:38  Drone x4  
  78  5:40  Centrifical Hooks, Extractor  
  81  5:43  Drone  
  81  5:44  Overlord  
  81  5:45  Overlord  
  81  5:48  Zerg Ground Armor Level 1  
  82  5:50  Zerg Melee Weapons Level 1  
  82  5:53  Drone x2  
  84  5:57  Overlord  
  84  6:01  Drone x5  
  84  6:02  Extractor  
  84  6:03  Extractor  
  87  6:07  Overlord  
  87  6:10  Overseer  
  88  6:11  Zergling x10  
  88  6:17  Baneling  
  88  6:18  Baneling x7  
  92  6:20  Zergling x8  
  92  6:23  Baneling x2  
  96  6:26  Zergling x4  
  85  6:40  Zergling x20  
  85  6:45  Zergling x2  
  85  6:46  Zergling x4  
  96  6:50  Drone  
  96  6:53  Spire  
  92  6:54  Zergling x4  
  92  6:59  Zergling x4  
  94  7:07  Zergling x16  
  98  7:15  Zergling x2  
  99  7:20  Drone  
  99  7:21  Drone x4  
  104  7:23  Queen  
  104  7:24  Hatchery  
  104  7:27  Baneling  
  104  7:28  Zergling x2, Baneling x4  
  106  7:32  Zergling x10  
  111  7:41  Overlord  
  111  7:43  Zergling x4  
  113  7:45  Overlord x2  
  113  7:48  Overlord  
  113  7:50  Zerg Ground Armor Level 2, Zerg Melee Weapons Level 2  
  113  7:52  Overlord  
  113  7:53  Baneling x7  
  113  8:05  Drone x8  
  117  8:07  Zerg Flyer Weapons Level 1  
  117  8:15  Zergling x10  
  119  8:30  Zergling x16  
  119  8:32  Baneling x5  
  124  8:36  Zergling x6  
  124  8:41  Zergling x8  
  127  8:45  Extractor  
  127  8:46  Baneling  
  127  8:47  Zergling x12, Baneling x8  
  131  8:55  Zergling x2  
  120  9:05  Drone x3  
  120  9:06  Hatchery, Zergling x2  
  120  9:07  Zergling x4  
  125  9:11  Mutalisk  
  125  9:12  Mutalisk x6  
  135  9:23  Mutalisk x6  
  137  9:28  Overlord  
  140  9:32  Overlord  
  140  9:33  Baneling x2  
  140  9:34  Baneling x7  
  140  9:36  Overlord  
  140  9:41  Overlord  
  140  9:44  Mutalisk x3  
  146  9:51  Mutalisk x3  
  148  9:53  Zergling x8  
  148  9:58  Zergling x10  
  155  10:00  Overseer  
  155  10:02  Baneling  
  155  10:03  Baneling x5  
  155  10:06  Zergling x10  
  160  10:13  Zergling x10  
  161  10:19  Zergling x8  
  161  10:20  Baneling x8  
  163  10:25  Zergling x2  
  152  10:30  Zergling x20  
  152  10:34  Zergling x2  
  152  10:35  Zergling x6  
  158  10:39  Zergling x2  
  158  10:40  Zergling x4  
  147  10:51  Mutalisk  
  147  10:52  Mutalisk x3  
  147  10:54  Zergling x10  
  151  10:57  Zergling x2  
  147  11:04  Zergling x2  
  147  11:05  Zergling x6  
  147  11:09  Zergling x2  
  150  11:22  Zergling x8  
Show
View Real Time Build Order
Export as new Build Order

Arctur Terran 

Build Orders: Liberator Opening, Reaper Expand 

Get SALT Encoding   

  12  0:01  SCV  
  13  0:13  SCV  
  14  0:18  Supply Depot  
  14  0:25  SCV  
  15  0:39  SCV  
  15  0:41  Barracks  
  16  0:45  Refinery  
  16  0:51  SCV  
  17  1:03  SCV  
  18  1:15  SCV  
  19  1:28  Reaper, Orbital Command  
  20  1:43  Command Center  
  20  1:52  Supply Depot  
  20  1:54  SCV  
  20  2:00  Marine  
  22  2:07  SCV  
  23  2:10  Factory  
  23  2:19  SCV  
  23  2:21  Refinery  
  24  2:22  Barracks Reactor  
  24  2:31  SCV  
  25  2:43  SCV  
  26  2:56  Starport  
  26  2:57  Orbital Command  
  26  2:58  SCV  
  27  3:06  Hellion x2  
  27  3:10  SCV  
  27  3:11  Barracks Tech Lab  
  32  3:22  SCV, Supply Depot  
  32  3:23  SCV  
  34  3:27  Hellion  
  34  3:28  Hellion  
  34  3:32  Liberator  
  41  3:35  Marine  
  41  3:37  SCV  
  41  3:40  SCV  
  44  3:46  Supply Depot  
  44  3:48  Stimpack  
  44  3:49  SCV  
  44  3:52  SCV  
  46  3:58  Hellion x2  
  46  4:01  SCV  
  51  4:04  SCV  
  52  4:14  SCV  
  52  4:16  SCV  
  54  4:22  Command Center  
  54  4:26  SCV  
  54  4:27  Supply Depot  
  54  4:28  SCV  
  54  4:30  Starport Reactor  
  56  4:35  Factory Reactor  
  56  4:41  SCV, Barracks  
  56  4:42  SCV  
  56  4:43  Barracks  
  56  4:44  Marine  
  59  4:58  SCV x2  
  58  5:01  Engineering Bay  
  58  5:02  Marine  
  58  5:03  Engineering Bay, Refinery x2  
  59  5:10  SCV x2  
  59  5:12  Medivac x2  
  65  5:15  Widow Mine x2  
  65  5:20  Supply Depot  
  69  5:22  SCV  
  69  5:26  Supply Depot  
  70  5:30  Combat Shield  
  70  5:33  Marine x4  
  70  5:34  SCV  
  75  5:40  SCV, Orbital Command  
  76  5:46  SCV  
  77  5:50  Factory Reactor, Terran Infantry Weapons Level 1, Terran Infantry Armor Level 1  
  77  5:52  SCV  
  77  5:55  Marine x3  
  81  5:58  SCV  
  81  6:01  Marine x2  
  84  6:04  SCV  
  84  6:06  Orbital Command  
  84  6:10  SCV  
  86  6:12  Supply Depot  
  86  6:13  Marine x3  
  86  6:14  Supply Depot  
  86  6:16  SCV  
  90  6:19  Marine x2  
  90  6:22  SCV  
  93  6:29  SCV  
  93  6:30  Marine x3  
  97  6:34  SCV  
  97  6:35  SCV  
  97  6:41  SCV  
  97  6:46  SCV, Marine x2  
  93  6:47  SCV  
  93  6:48  Medivac x2, Marine x2  
  93  6:49  Widow Mine  
  93  6:53  SCV  
  102  6:54  Marine  
  102  6:59  SCV x2  
  105  7:03  Armory  
  105  7:04  Marine x2  
  105  7:05  SCV  
  105  7:06  Marine  
  105  7:07  Marine  
  99  7:11  SCV x2  
  99  7:12  Marine  
  99  7:15  Widow Mine x2  
  99  7:17  SCV  
  99  7:18  Medivac x2  
  99  7:21  Refinery  
  99  7:22  Supply Depot, Bunker  
  104  7:23  SCV, Supply Depot  
  104  7:25  SCV  
  106  7:32  Barracks  
  106  7:33  Barracks  
  106  7:35  SCV x2  
  108  7:37  Widow Mine x2  
  112  7:45  Marine x5  
  112  7:46  SCV  
  112  7:47  SCV  
  112  7:48  Medivac x2  
  123  7:55  Supply Depot  
  123  7:59  Widow Mine x2  
  123  8:03  Marine x3  
  126  8:05  SCV  
  126  8:06  SCV  
  126  8:07  Marine x2  
  126  8:10  Terran Infantry Armor Level 2, Terran Infantry Weapons Level 2  
  126  8:11  Terran Vehicle And Ship Armor Level 1  
  130  8:16  Command Center  
  130  8:20  Widow Mine x2, Marine x2  
  130  8:21  Barracks Reactor x2  
  136  8:27  Marine x3  
  132  8:34  SCV  
  132  8:37  SCV  
  132  8:38  Marine x2  
  132  8:39  SCV  
  126  8:42  Widow Mine x2  
  126  8:45  Marine x2  
  126  8:47  SCV  
  131  8:49  SCV  
  131  8:51  SCV  
  120  8:59  SCV  
  120  9:00  Marine  
  120  9:01  Marine x2  
  120  9:02  SCV  
  123  9:03  SCV, Widow Mine x2  
  128  9:11  SCV  
  128  9:14  SCV  
  128  9:15  SCV  
  128  9:16  Factory  
  131  9:23  SCV  
  132  9:24  Widow Mine x2  
  132  9:26  SCV  
  132  9:30  Marine x4  
  142  9:31  SCV  
  142  9:35  Medivac x2  
  146  9:40  SCV  
  146  9:44  Refinery  
  148  9:45  SCV  
  144  9:54  Marine x2  
  144  9:55  SCV x2, Marauder  
  150  10:00  Marine x2  
  150  10:03  Widow Mine x2, Factory Tech Lab  
  150  10:04  Missile Turret  
  156  10:12  SCV  
  156  10:21  Marine x2  
  156  10:22  SCV, Marine x4  
  156  10:23  Marine  
  156  10:24  Marine  
  156  10:25  Medivac, Marauder  
  156  10:26  SCV  
  156  10:27  Medivac  
  133  10:31  SCV  
  125  10:35  SCV  
  125  10:39  Marine x3  
  125  10:40  Marine x4  
  125  10:42  Marine  
  119  10:49  Widow Mine x2  
  118  10:51  SCV  
  118  10:53  SCV  
  118  10:54  SCV  
  118  10:55  SCV  
  116  11:03  SCV  
  106  11:05  SCV  
  106  11:06  Marine x2  
  106  11:07  Marine x2  
  106  11:10  SCV  
  111  11:17  Marine x2  
  109  11:21  SCV x2  
Tags
 
Add a new tag
Caveats
  • Supply blocks, unpowered buildings, or Contaminate may cause inaccurate times.
  • Supply counts are checked every 10 seconds.